 Dungeon Crawl Stone Soup version 0.29.0-4-gdea44cf6ec (webtiles) character file.

Game seed: 7420927322812329383

40 qw the Chopper (level 3, -1/21 HPs)
             Began as a Tengu Warper on Aug 28, 2022.
             Slain by Terence
             ... wielding a +0 vorpal morningstar
              (3 damage)
             ... on level 2 of the Dungeon.
             The game lasted 00:00:08 (1725 turns).

qw the Chopper (Tengu Warper)                       Turns: 1725, Time: 00:00:08

Health: -1/21      AC:  5    Str: 13    XL:     3   Next: 50%
Magic:  7/7        EV: 11    Int: 13    God:
Gold:   53         SH:  0    Dex: 13    Spells: 6/6 levels left

rFire   . . .      SeeInvis .   Y - +0 hand axe
rCold   . . .      Faith    .   (no shield)
rNeg    . . .      Spirit   .   h - +0 ring mail
rPois   .          Reflect  .   (helmet restricted)
rElec   .          Harm     .   (no cloak)
rCorr   .          Rampage  .   (no gloves)
Will    .....                   (boots unavailable)
Stlth   +.........              g - amulet of regeneration
HPRegen 0.87/turn               (no ring)
MPRegen 0.10/turn               (no ring)

@: no status effects
A: beak, talons 3
a: no special abilities


You were on level 2 of the Dungeon.
You visited 1 branch of the dungeon, and saw 2 of its levels.

You collected 53 gold pieces.


Innate Abilities, Weirdness & Mutations

You have a beak for a mouth.
You have claws for feet.


   Skills:
 - Level 2.0 Fighting
 + Level 4.2 Axes
 - Level 1.0 Throwing
 - Level 1.1 Armour
 - Level 2.1 Dodging
 - Level 2.0 Spellcasting
 - Level 2.4 Translocations


You had 6 spell levels left.
You didn't know any spells.
Your spell library contained the following spells:

 Spells                   Type           Power      Damage    Failure   Level
 Blink                    Tloc           14%        N/A       30%         2
 Gell's Gravitas          Tloc           7%         N/A       52%         3
 Lesser Beckoning         Tloc           7%         N/A       52%         3
 Teleport Other           Tloc           7%         N/A       52%         3
 Manifold Assault         Tloc           7%         N/A       99%         5

Inventory:

Hand Weapons
 m - a +0 whip
 Y - a +0 hand axe (weapon)
Armour
 h - a +0 ring mail (worn)
Jewellery
 g - an amulet of regeneration (around neck)
Scrolls
 a - a scroll of magic mapping {unknown}
 b - a scroll of noise {unknown}
Potions
 c - a potion of haste {unknown}
 d - 3 potions of curing
 f - a potion of brilliance {unknown}
 i - a potion of mutation {unknown}
 k - a potion of berserk rage {unknown}

Dungeon Overview and Level Annotations

Branches:
Dungeon (2/15)

Altars:
Qazlal

Shops:
D:1 *?(

Annotations:
D:2 Terence


Message History

You now have 41 gold pieces (gained 17).
d - 3 potions of curing (gained 1)
You open the door.
There is an open door here.
You now have enough gold to buy 2 sapphire potions on D:1, or buy a scroll of identify on D:1.
You can access your shopping list by pressing '$'.
You now have 53 gold pieces (gained 12).
As you open the door, it creaks loudly!
You hear a shout!
There is an open door here.
You open the door.
There is an open door here.
As you open the door, it creaks loudly!
There is an open door here.
You open the door.
There is an open door here.
There is an open door here.
Terence the Incautious comes into view.
He is wielding a +0 vorpal morningstar.
Enter note:
Enter note:
Enter note: You hit Terence.
Terence is lightly wounded.
Terence drinks a potion.
Terence suddenly seems more resistant.
Terence hits you with a +0 vorpal morningstar!
You hit Terence but do no damage. You peck Terence.
Terence is lightly wounded.
Terence closely misses you.
You barely miss Terence. Your kick misses Terence. You peck Terence.
Terence is lightly wounded.
Terence closely misses you.
You barely miss Terence. Your peck misses Terence.
Terence is lightly wounded.
Terence hits you with a +0 vorpal morningstar.
You hit Terence but do no damage.
Terence is lightly wounded.
Terence hits you with a +0 vorpal morningstar.
You hit Terence but do no damage. You peck Terence, but do no damage.
Terence is lightly wounded.
Terence hits you with a +0 vorpal morningstar.
You die...

.#######.#...#....#
.......#.#...#....# .#
######.#.#...#....#
#######.##
#.#.#...#....######.........
#.#.#...'.........#.........
#.#.#####....####.#.........
#.#.....'.....# #.#.........
#.#######.....# #.#.........
#.# #.....@..###'#.........
#.# #.#..#@#.##............
#.####....#.#.##............
#.##....###.#.##............
#..'........#.##............
####....#####.###...........
#.............# ####........
#.............. ...........
#.............# ##########.


You could see Terence (resistant).

Vanquished Creatures
  2 dart slugs (D:1)
  2 ball pythons (D:1)
  4 bats
  2 endoplasms (D:1)
  A giant cockroach (D:1)
  2 goblins (D:1)
  4 hobgoblins
  7 jackals
  2 frilled lizards (D:1)
  2 kobolds
  2 rats (D:1)
30 creatures vanquished.

Notes
Turn   | Place    | Note
-------+----------+-------------------------------------------
     0 | D:1      | qw the Tengu Warper began the quest for the Orb.
     0 | D:1      | Reached XP level 1. HP: 12/12 MP: 4/4
     0 | D:1      | 0 ||| qw: Version: 0.1-a-89-g26bdef1
     0 | D:1      | 0 ||| qw: Game counter: 1654
     0 | D:1      | 0 ||| qw: Always use a shield: true
     0 | D:1      | 0 ||| qw: God list: Okawaru
     0 | D:1      | 0 ||| qw: Allow faded altars: false
     0 | D:1      | 0 ||| qw: Do Orc after D:15 true
     0 | D:1      | 0 ||| qw: Do second Lair branch before Depths: true
     0 | D:1      | 0 ||| qw: Lair rune preference: random
     0 | D:1      | 0 ||| qw: Plans: Normal
     0 | D:1      | 0 ||| PLANNING D:1-11
    73 | D:1      | 73 ||| Stepping ~*~*~tactically~*~*~ (stealth).
    76 | D:1      | 76 ||| Stepping ~*~*~tactically~*~*~ (stealth).
   142 | D:1      | Reached XP level 2. HP: 17/17 MP: 6/6
   143 | D:1      | Reached skill level 3 in Axes
   274 | D:1      | Found Lushoniywat's Assorted Antiques.
   281 | D:1      | 281 ||| SHOPLISTING 2 sapphire potions (43 gold, have 8).
   281 | D:1      | 281 ||| SHOPLISTING purple potion (21 gold, have 8).
   281 | D:1      | 281 ||| SHOPLISTING scroll labelled JYNAOL TIUX (24 gold,
                  | have 8).
   321 | D:1      | 321 ||| Stepping ~*~*~tactically~*~*~ (hiding).
   423 | D:1      | 423 ||| Stepping ~*~*~tactically~*~*~ (hiding).
   507 | D:1      | Noticed a sixfirhy
   528 | D:1      | Found Geownaz's Magic Scroll Boutique.
   550 | D:1      | 550 ||| SHOPLISTING scroll of enchant weapon (97 gold, have
                  | 8).
   550 | D:1      | 550 ||| SHOPLISTING scroll of identify (26 gold, have 8).
   550 | D:1      | 550 ||| SHOPLISTING scroll of teleportation (39 gold, have
                  | 8).
   565 | D:1      | HP: 4/17 [hobgoblin/+0 rapier (9)]
   933 | D:1      | 933 ||| DROPPING +0 club.
   967 | D:1      | Found Summ's Weapon Emporium.
   982 | D:1      | Reached XP level 3. HP: 21/21 MP: 7/7
  1062 | D:1      | Found a faded altar of an unknown god.
  1088 | D:1      | 1088 ||| UPGRADING to +0 ring mail.
  1098 | D:1      | 1098 ||| DROPPING +0 leather armour.
  1099 | D:1      | 1099 ||| UPGRADING to amulet of regeneration.
  1104 | D:1      | 1104 ||| READING scroll labelled QEODUO XELOKK.
  1105 | D:1      | 1105 ||| READING scroll labelled JYNAOL TIUX.
  1106 | D:1      | 1106 ||| READING scroll labelled BAONOR DAIJ.
  1109 | D:1      | 1109 ||| DRINKING 3 purple potions.
  1110 | D:1      | 1110 ||| DROPPING scroll of blinking.
  1121 | D:2      | Reached skill level 4 in Axes
  1483 | D:2      | Found a stormy altar of Qazlal.
  1484 | D:2      | 1484 ||| Stepping ~*~*~tactically~*~*~ (stealth).
  1717 | D:2      | Noticed Terence
  1724 | D:2      | HP: 2/21 [Terence/+0 vorpal morningstar (5)]
  1725 | D:2      | Slain by Terence

Levels and vault maps discovered:
D:1:      ebering_trefoil_3fold, layout_loops_cross,
          dreamdust_ecumenical_altar_sealed_demon, serial_shops, shop_statue,
          shop, shop, due_unseen_surprise
D:2:      layout_basic, basic_altar, uniq_terence

Skill      XL: |  1  2  3 |
---------------+----------+-----
Axes           | 3 4 |  4.2
Fighting       | |  2.0
Throwing       | |  1.0
Armour         | |  1.1
Dodging        | |  2.1
Spellcasting   | |  2.0
Translocations | |  2.4

Action                   || total
-------------------------++-------
Melee: Hand axe          ||    62
       Peck              ||    12
       Kick              ||    13
Throw: Boomerang         ||     7
  Use: Scroll            ||     3
       Potion            ||     1
Armor: Leather armour    ||     5
       Ring mail         ||    13
Dodge: Dodged            ||    37

Table legend:
 A = Non-vault XP
 B = Vault XP
 C = Vault XP percentage of total XP
 D = Non-vault monster count
 E = Vault monster count
 F = Vault count percentage of total count
                 A         B        C        D         E       F
            +---------+---------+-------+---------+---------+-------
      Total |      58 |       0 |   0.0 |      30 |       0 |   0.0
            +---------+---------+-------+---------+---------+-------
        D:1 |      43 |       0 |   0.0 |      22 |       0 |   0.0
        D:2 |      15 |       0 |   0.0 |       8 |       0 |   0.0
            +---------+---------+-------+---------+---------+-------
